AoeStats
← Tanay

Arabia

509244197Analyzed
3v3 RM · 8d ago on Sep 26, 2026· 37m 25s· 6 players
Game mode
Random Map
Map size
Normal (6 player)
Population
200
Speed
Normal
Resources
Standard
Victory
Conquest
Starting age
Dark Age
Ending age
Imperial Age
RankedLock teamsTeams togetherTeam positionsShared explorationLock speedFull tech treeHidden civsTurbo modeCheats
Victory
Defeat
🇦🇷 Khitans · Argentina
1257
+14
🇦🇷 Bohemians · Argentina
1142
+19
🇦🇷 Mongols · Argentina
1130
+19
🇺🇸 Romans · United States
1406
-25
🇮🇳 Jurchens · India
1213
-18
🇺🇸 Khmer · United States
1000
-31
EIM | Virgin King
2:04 Loom
6:35 Loom
11:11 Feudal Age
13:51 Forging
14:09 Double-Bit Axe
20:42 Scale Barding Armor
27:18 Castle Age
27:25 Light Cavalry
29:36 Iron Casting
35:32 Chain Barding Armor
36:37 Husbandry
izzylet
6:41 Loom
7:14 Loom
8:59 Feudal Age
10:14 Double-Bit Axe
14:40 Fletching
15:46 Town Watch
16:39 Wheelbarrow
19:53 Gold Mining
22:14 Castle Age
23:01 Bodkin Arrow
22:47 Crossbowman
24:09 Padded Archer Armor
25:03 Town Watch
28:41 Gold Shaft Mining
33:48 Imperial Age
31:39 Leather Archer Armor
32:41 Ballistics
34:05 Hand Cart
34:31 Bracer
33:58 Arbalester
36:54 Chemistry
36:22 Town Patrol
Tha_Kela
7:32 Loom
9:55 Feudal Age
11:14 Double-Bit Axe
19:22 Fletching
21:11 Wheelbarrow
24:48 Castle Age
25:41 Bodkin Arrow
25:46 Padded Archer Armor
27:26 Chemistry
26:47 Ballistics
37:00 Redemption
Tanay
18:22 Feudal Age
24:02 Horse Collar
BoomPichak
6:21 Loom
9:22 Feudal Age
10:22 Double-Bit Axe
17:52 Padded Archer Armor
21:55 Castle Age
22:55 Bloodlines
TeKarino
7:12 Loom
10:47 Feudal Age
19:22 Castle Age
17:32 Fletching
21:40 Double-Bit Axe
21:35 Horse Collar
28:39 Bloodlines
28:40 Scale Barding Armor
35:04 Chain Barding Armor
Connection lost

Rejoining the realm…

Still unreachable

The connection could not be restored.

Session expired

The server has moved on; the page needs a fresh start.